 Dungeon Crawl Stone Soup version 0.24-a0-139-geb6712d (webtiles) character file.

Game seed: 2484980623666608023

149 emperorscorpion the Charmwright (level 5, -1/26 HPs)
             Began as a Vine Stalker Skald on Mar 3, 2019.
             Was a Follower of Cheibriados.
             Slain by a worker ant (2 damage)
             ... on level 4 of the Dungeon.
             The game lasted 00:05:56 (3132 turns).

emperorscorpion the Charmwright (VSSk)              Turns: 3132, Time: 00:05:57

Health: -1/26      AC:  6    Str: 17    XL:     5   Next: 31%
Magic:  0/9        EV: 11    Int: 16    God:    Cheibriados [*.....]
Gold:   147        SH:  4    Dex: 17    Spells: 5/9 levels left

rFire    . . .     SeeInvis .     - Unarmed
rCold    . . .     Gourm    .   k - +0 buckler (curse)
rNeg     . . .     Faith    .   g - +0 ring mail
rPois    .         Spirit   +   (no helmet)
rElec    .         Reflect  .   m - +0 cloak
rCorr    .         Harm     .   (no gloves)
MR       .....                  (no boots)
Stlth    +.........             (no amulet)
HPRegen  0.48/turn              (no ring)
MPRegen  0.11/turn              (no ring)

@: lethally poisoned (-1 -> -1), very slow
A: fangs 2, regeneration 1, magic shield, antimagic bite, no potion heal 3, rot
immunity
a: Bend Time, Renounce Religion


You were on level 4 of the Dungeon.
You worshipped Cheibriados.
Cheibriados was aware of your devotion.
You were not hungry.

You visited 2 branches of the dungeon, and saw 5 of its levels.

You collected 147 gold pieces.

Inventory:

Armour
 a - a +0 leather armour
 g - a +0 ring mail (worn)
 k - a cursed +0 buckler (worn)
 m - a +0 cloak (worn)
Scrolls
 h - a scroll of fog {unknown}
 i - a scroll of identify {unknown}
Potions
 b - 2 potions of curing {unknown}
 d - a potion of lignification {unknown}
 e - a potion of haste {unknown}
 f - a potion of flight {unknown}
 l - a potion of magic {unknown}
Comestibles
 c - 5 rations


   Skills:
 + Level 2.0 Fighting
 + Level 1.6 Armour
 + Level 2.0 Dodging
 + Level 1.3 Stealth
 * Level 1.0 Shields
 + Level 3.3 Unarmed Combat
 + Level 2.5 Spellcasting
 + Level 3.6 Charms


You had 5 spell levels left.
You knew the following spells:

 Your Spells              Type           Power        Failure   Level  Hunger
a - Infusion              Chrm           ##..         12%         1    #......
r - Regeneration          Chrm/Necr      #.........   58%         3    ###....

Your spell library contained the following spells:

 Spells                   Type           Power        Failure   Level  Hunger
 Song of Slaying          Chrm           ##......     19%         2    ##.....
 Shroud of Golubria       Chrm/Tloc      #.........   36%         2    ##.....
 Flame Tongue             Conj/Fire      #....        47%         1    #......
 Spectral Weapon          Hex/Chrm       #.......     58%         3    ###....
 Throw Flame              Conj/Fire      #.....       63%         2    ##.....
 Conjure Flame            Conj/Fire      #.......     85%         3    ###....
 Inner Flame              Hex/Fire       #.......     85%         3    ###....
 Sticky Flame             Conj/Fire      #.......     99%         4    #####..
 Fireball                 Conj/Fire      #.........   100%        5    ######.


Dungeon Overview and Level Annotations

Branches:
Dungeon (4/15)             Temple (1/1) D:4

Altars:
Ashenzari
Cheibriados
Dithmenos
Elyvilon
Fedhas
Kikubaaqudgha
Nemelex Xobeh
Okawaru
Sif Muna
Vehumet
The Shining One


Innate Abilities, Weirdness & Mutations

You have extremely sharp teeth.
Your natural rate of healing is unusually fast.
When hurt, damage is shared between your health and your magic reserves.
Your bite disrupts and absorbs the magic of your enemies.
Potions cannot restore your health.
You are immune to rotting.


Message History

You hit the iguana but do no damage. You bite the iguana, but do no damage.
The iguana is severely wounded.
The worker ant bites you.
* * * LOW HITPOINT WARNING * * *
You are poisoned.
The worker ant poisons you! You block the frilled lizard's attack.
You hit the iguana but do no damage. You bite the iguana, but do no damage.
The iguana is severely wounded.
You feel sick. The iguana bites you!
* * * LOW HITPOINT WARNING * * *
The worker ant bites you but does no damage.
The frilled lizard unfolds its giant frill.
The frilled lizard bites you.
* * * LOW HITPOINT WARNING * * *
Unknown command.
You hit the iguana but do no damage.
The iguana is severely wounded.
The iguana bites you but does no damage.
The worker ant bites you.
You die...

#. .# ##.## .#
.... .## .
###... .. ..
.....#.###.#.
...%......$
#l†l......
###@a###...
.#####..........
................
.#####...###....
#...# ... #...#
.. #...# . #..##
.# #..## #.#


You could see an iguana, a worker ant and a frilled lizard.

Vanquished Creatures
  6 adders
  A shadow imp (D:3)
  An ooze (D:1)
  A worm (D:2)
  5 leopard geckos
  6 orcs
  8 giant cockroaches
  5 goblins
  9 hobgoblins
  3 kobolds
  A quokka (D:3)
  11 bats
  6 frilled lizards
  7 rats
70 creatures vanquished.

Notes
Turn   | Place    | Note
-------+----------+-------------------------------------------
     0 | D:1      | emperorscorpion the Vine Stalker Skald began the quest for
                  | the Orb.
     0 | D:1      | Reached XP level 1. HP: 11/11 MP: 4/4
   313 | D:1      | Reached XP level 2. HP: 15/15 MP: 6/6
   920 | D:1      | Reached skill level 1 in Armour
   920 | D:1      | Reached XP level 3. HP: 18/18 MP: 7/7
  1237 | D:2      | You fall through a shaft for 2 floors!
  1238 | D:4      | Found a staircase to the Ecumenical Temple.
  1244 | Temple   | Entered the Ecumenical Temple
  1249 | Temple   | Became a worshipper of Cheibriados the Contemplative
  1254 | Temple   | Learned a level 3 spell: Regeneration
  1552 | D:3      | Gained mutation: Your natural rate of healing is unusually
                  | fast. [Vine Stalker growth]
  1552 | D:3      | Reached XP level 4. HP: 15/23 MP: 6/8
  2028 | D:2      | Reached * piety under Cheibriados
  2410 | D:3      | Reached skill level 1 in Stealth
  2549 | D:3      | Reached XP level 5. HP: 20/26 MP: 7/9
  2663 | D:3      | Reached skill level 1 in Shields
  3131 | D:4      | HP: 1/26 [frilled lizard (1)]
  3132 | D:4      | Slain by a worker ant

Levels and vault maps discovered:
D:1:      giann_wishing_wells, layout_loops_ring
D:2:      layout_loops_ring, first_ration
D:3:      layout_basic, corexii_item_surrounded_by_moat, minmay_bisected
D:4:      layout_loops_ring, bloody_trog, minmay_temple_entry_offerings,
          minmay_divided_ellipse
Temple:   minmay_freezing_vapour_temple

Skill      XL: |  1  2  3  4  5 |
---------------+----------------+-----
Armour         | 1 |  1.6
Fighting       | 2 |  2.0
Unarmed Combat | 3 |  3.3
Stealth        | 1 |  1.3
Dodging        | 2 |  2.0
Shields        | 1 |  1.0
Spellcasting   | |  2.5
Charms         | |  3.6

Action                   |  1- 3 |  4- 6 || total
-------------------------+-------+-------++-------
Melee: Unarmed           |   117 |   183 ||   300
       Bite              |    30 |    56 ||    86
 Cast: Regeneration      |       |     3 ||     3
 Stab: Sleeping          |     1 |       ||     1
       Distracted        |       |     1 ||     1
  Eat: Chunk             |     2 |     4 ||     6
Armor: Leather armour    |     7 |       ||     7
       Ring mail         |    26 |    68 ||    94
Dodge: Dodged            |    57 |    81 ||   138
Block: Buckler           |       |    28 ||    28

Table legend:
 A = Non-vault XP
 B = Vault XP
 C = Vault XP percentage of total XP
 D = Non-vault monster count
 E = Vault monster count
 F = Vault count percentage of total count
                 A         B        C        D         E       F
            +---------+---------+-------+---------+---------+-------
      Total |     199 |      15 |   7.0 |      68 |       2 |   2.9
            +---------+---------+-------+---------+---------+-------
        D:1 |      38 |       0 |   0.0 |      19 |       0 |   0.0
        D:2 |      62 |       0 |   0.0 |      22 |       0 |   0.0
        D:3 |      89 |      15 |  14.4 |      22 |       2 |   8.3
        D:4 |      10 |       0 |   0.0 |       5 |       0 |   0.0
            +---------+---------+-------+---------+---------+-------
